Map: Odyssey LE

Players

Snute

  • Race: Zerg Zerg
  • Spawn Location: 5:00

Cham - Winner!

  • Race: Zerg Zerg
  • Spawn Location: 11:00

Event: WCS Jonkoping 2017

VOD

Have the link to the VOD?

Description

Time

  • Played on: June 18, 2017, 9:22 a.m.
  • Length: 13:58

All games in this series

Show
View Real Time Build Order
Export as new Build Order

Snute Zerg 

Build Orders: Hatch First, Zergling Baneling 

Get SALT Encoding   

  12  0:00  Drone  
  13  0:12  Overlord  
  13  0:16  Drone  
  14  0:30  Drone x2  
  14  0:34  Drone  
  17  0:52  Hatchery  
  17  0:54  Drone  
  17  0:57  Drone  
  17  0:59  Extractor  
  17  1:13  Spawning Pool  
  17  1:16  Drone  
  17  1:19  Drone  
  18  1:28  Drone  
  19  1:38  Overlord  
  19  2:00  Queen  
  19  2:01  Metabolic Boost, Zergling x2  
  22  2:02  Zergling x2  
  22  2:04  Queen  
  25  2:08  Zergling x2  
  25  2:15  Drone  
  27  2:17  Drone  
  28  2:29  Baneling Nest, Drone x2  
  29  2:36  Queen  
  31  2:47  Zergling x2  
  31  2:48  Zergling x6  
  35  2:56  Zergling x2  
  36  3:06  Overlord  
  36  3:13  Baneling  
  36  3:14  Baneling x3  
  36  3:32  Hatchery, Drone x5  
  36  3:34  Baneling x2  
  39  3:39  Drone  
  39  3:40  Drone  
  40  3:46  Drone x2  
  41  3:50  Zergling x4  
  41  3:54  Zergling x2  
  44  4:00  Overlord  
  42  4:13  Zergling x2  
  42  4:14  Zergling x2  
  42  4:16  Overlord  
  44  4:19  Baneling x2  
  44  4:20  Zergling x6  
  48  4:25  Zergling x2  
  48  4:26  Zergling x2  
  49  4:35  Baneling  
  49  4:36  Baneling  
  49  4:39  Drone x5  
  49  4:42  Baneling x2  
  54  4:52  Hatchery, Zergling x6  
  54  5:07  Hatchery  
  54  5:10  Extractor  
  54  5:12  Roach Warren, Zergling x18  
  55  5:22  Overlord  
  55  5:28  Drone x2  
  55  5:29  Drone  
  55  5:33  Drone  
  57  5:41  Drone  
  58  5:45  Overlord x2  
  58  5:50  Spine Crawler  
  58  5:53  Roach x3  
  63  5:58  Roach  
  63  6:02  Overlord  
  63  6:03  Roach x2  
  69  6:07  Roach x3  
  75  6:12  Roach x2  
  78  6:21  Roach x2  
  75  6:26  Roach  
  75  6:30  Roach x4  
  79  6:37  Roach x2  
  79  6:39  Zergling x6  
  79  6:46  Roach x2  
  71  6:49  Zergling x2  
  63  6:55  Zergling x6  
  63  7:03  Ravager  
  64  7:09  Drone x5  
  64  7:12  Drone x2  
  64  7:13  Drone  
  70  7:26  Drone x3  
  73  7:44  Queen x2, Drone x9  
  67  7:49  Roach  
  70  7:56  Drone x3  
  69  8:01  Drone x3  
  69  8:02  Drone  
  72  8:12  Evolution Chamber  
  70  8:15  Lair  
  70  8:16  Drone x3  
  70  8:17  Drone  
  70  8:19  Ravager, Drone  
  76  8:24  Drone x3  
  76  8:25  Drone  
  80  8:27  Ravager  
  80  8:32  Roach x3  
  87  8:34  Extractor  
  87  8:38  Zerg Missile Weapons Level 1  
  87  8:40  Drone x2  
  87  8:41  Extractor, Drone  
  89  8:42  Drone  
  89  8:44  Drone x2  
  89  8:46  Extractor  
  90  8:52  Roach x2  
  90  8:53  Roach  
  96  8:56  Roach, Overlord  
  96  8:59  Overlord  
  98  9:12  Overlord x3  
  98  9:15  Glial Reconstitution  
  98  9:17  Drone x2  
  98  9:18  Extractor, Roach  
  98  9:19  Roach x3  
  106  9:31  Roach x5  
  108  9:38  Roach x2  
  120  9:43  Roach x3  
  120  9:44  Hatchery  
  125  9:47  Roach x2  
  125  9:48  Roach  
  133  9:53  Roach x2  
  133  9:58  Overlord  
  133  9:59  Roach  
  137  10:05  Overlord  
  137  10:10  Overseer  
  137  10:17  Roach x4  
  137  10:20  Hydralisk Den  
  143  10:23  Roach  
  143  10:24  Roach x5  
  143  10:27  Overlord  
  153  10:34  Spore Crawler  
  153  10:36  Spore Crawler  
  153  10:37  Spore Crawler, Queen  
  153  10:38  Overlord  
  153  10:45  Spore Crawler, Queen x2  
  153  10:47  Spore Crawler  
  153  10:49  Hydralisk  
  155  10:50  Muscular Augments  
  155  10:54  Zerg Missile Weapons Level 2  
  155  10:57  Hydralisk  
  157  11:01  Hydralisk  
  161  11:04  Hydralisk  
  161  11:05  Hydralisk  
  161  11:08  Hydralisk  
  164  11:13  Drone x2  
  165  11:26  Hydralisk x2  
  165  11:27  Overlord  
  165  11:29  Hatchery  
  168  11:40  Overlord  
  168  11:43  Overlord  
  168  11:46  Hydralisk  
  168  11:47  Hydralisk x3  
  168  11:49  Pneumatized Carapace  
  168  11:51  Hydralisk  
  178  11:54  Overlord  
  178  12:00  Roach x4  
  178  12:01  Roach  
  188  12:03  Roach x2  
  192  12:10  Roach  
  192  12:11  Lurker Den  
  194  12:26  Hatchery  
  191  12:52  Roach x4  
  145  13:07  Roach  
  145  13:08  Roach x14  
  126  13:17  Roach  
  109  13:20  Ravager  
  109  13:23  Roach x3  
  116  13:32  Roach x2  
Show
View Real Time Build Order
Export as new Build Order

Cham Zerg - Winner!

Build Orders: Hatch First 

Get SALT Encoding   

  12  0:01  Drone  
  13  0:08  Drone  
  14  0:19  Overlord  
  14  0:38  Drone x3  
  17  0:52  Hatchery  
  17  0:56  Drone  
  17  1:01  Drone  
  17  1:03  Extractor  
  17  1:15  Spawning Pool  
  17  1:18  Drone  
  17  1:22  Drone  
  18  1:31  Drone  
  19  1:48  Overlord  
  19  2:02  Queen, Metabolic Boost  
  19  2:03  Zergling x2  
  19  2:06  Queen  
  19  2:07  Zergling x2  
  25  2:09  Zergling x2  
  26  2:16  Spine Crawler  
  26  2:19  Drone  
  26  2:21  Drone  
  27  2:29  Overlord  
  27  2:31  Drone  
  28  2:41  Drone x2  
  31  2:55  Drone  
  31  2:56  Hatchery  
  31  2:59  Overlord  
  31  3:04  Drone x2  
  33  3:09  Drone x2  
  33  3:12  Zergling x4  
  37  3:15  Zergling x2  
  37  3:16  Zergling x2  
  37  3:19  Zergling x2  
  40  3:21  Zergling x2  
  40  3:24  Zergling x2  
  42  3:31  Queen  
  42  3:33  Zergling x2  
  44  3:41  Zergling x4  
  44  3:47  Zergling x6  
  44  3:48  Zergling x4  
  47  3:53  Zergling x4  
  47  3:54  Zergling x2  
  50  3:58  Queen  
  50  4:01  Zergling x2  
  50  4:05  Zergling x2  
  48  4:10  Zergling x2  
  48  4:15  Zergling x4  
  48  4:16  Roach Warren  
  49  4:19  Overlord  
  48  4:28  Drone  
  48  4:30  Drone x2  
  51  4:35  Drone  
  51  4:37  Overlord  
  51  4:49  Drone x2  
  51  4:52  Overlord  
  48  4:55  Roach  
  48  4:56  Roach x4  
  57  5:03  Roach x2  
  57  5:05  Roach  
  61  5:14  Roach x2  
  61  5:17  Roach  
  64  5:24  Roach x2  
  64  5:25  Roach  
  64  5:26  Roach x2  
  64  5:27  Overlord  
  73  5:36  Roach  
  73  5:40  Zergling x2  
  73  5:41  Zergling x2  
  77  5:46  Overlord  
  77  5:47  Zergling x2  
  77  5:49  Zergling x2  
  79  5:52  Zergling x2  
  79  5:54  Zergling x10  
  79  5:55  Zergling x2  
  86  5:59  Zergling x2  
  86  6:04  Zergling x2  
  87  6:07  Zergling x2  
  87  6:08  Zergling x2  
  89  6:14  Zergling x2  
  89  6:24  Zergling x2  
  84  6:26  Zergling x4  
  84  6:27  Zergling x2  
  84  6:31  Zergling x6  
  84  6:32  Zergling x4  
  85  6:35  Zergling x2  
  85  6:36  Zergling x2  
  77  6:40  Zergling x2  
  77  6:45  Zergling x2  
  68  6:47  Zergling x2  
  68  6:50  Zergling x2  
  68  6:51  Lair  
  64  6:55  Evolution Chamber  
  64  6:56  Drone  
  64  7:00  Drone  
  64  7:01  Drone  
  56  7:02  Queen  
  56  7:03  Extractor  
  56  7:04  Extractor, Overlord  
  54  7:10  Roach  
  54  7:11  Roach  
  58  7:17  Drone  
  58  7:21  Zerg Missile Weapons Level 1  
  58  7:22  Drone x2  
  61  7:26  Extractor, Overlord  
  61  7:29  Drone x2  
  62  7:31  Overlord  
  62  7:36  Drone x2  
  63  7:38  Drone  
  63  7:41  Drone x2  
  63  7:44  Drone  
  63  7:45  Drone  
  63  7:47  Drone  
  60  7:52  Drone  
  60  7:53  Overlord  
  60  7:54  Roach x3  
  60  7:56  Roach  
  60  7:57  Roach x2  
  60  7:58  Drone  
  71  8:04  Roach  
  69  8:10  Roach x2  
  73  8:15  Drone  
  73  8:19  Glial Reconstitution, Overlord  
  74  8:21  Overlord  
  74  8:22  Drone x4  
  74  8:23  Drone  
  79  8:29  Roach  
  79  8:32  Drone x2  
  83  8:36  Extractor  
  83  8:38  Extractor, Overlord  
  81  8:42  Overlord  
  81  8:43  Drone  
  81  8:47  Spire  
  81  8:50  Drone x2  
  81  8:52  Drone  
  81  8:54  Drone x2  
  86  9:00  Overlord  
  86  9:03  Roach x2  
  86  9:05  Roach  
  86  9:07  Drone  
  86  9:09  Roach  
  95  9:11  Roach  
  95  9:14  Overlord  
  96  9:18  Zerg Missile Weapons Level 2  
  96  9:23  Drone  
  96  9:24  Drone x2  
  99  9:26  Roach  
  99  9:28  Roach  
  103  9:31  Roach  
  103  9:34  Roach  
  107  9:40  Overlord  
  107  9:41  Roach x2  
  107  9:43  Roach  
  107  9:44  Roach  
  115  9:49  Roach x2  
  119  9:59  Mutalisk x4  
  121  10:01  Mutalisk  
  121  10:04  Mutalisk  
  130  10:10  Roach x3  
  130  10:13  Roach  
  137  10:15  Roach  
  137  10:17  Roach  
  139  10:23  Roach x2  
  139  10:24  Roach  
  139  10:27  Roach x2  
  145  10:32  Unknown, Drone  
  146  10:36  Mutalisk x2  
  146  10:39  Baneling Nest, Roach  
  146  10:40  Roach  
  146  10:42  Roach  
  155  10:45  Drone  
  156  10:50  Roach x3  
  156  10:56  Roach x3  
  168  11:04  Roach x2  
  172  11:10  Roach  
  172  11:14  Overlord x2  
  170  11:20  Hatchery  
  170  11:23  Centrifical Hooks  
  169  11:28  Overlord  
  169  11:30  Zergling x4  
  169  11:31  Zergling x2  
  172  11:33  Zergling x2  
  172  11:34  Zerg Ground Armor Level 1, Zergling x2  
  172  11:37  Zergling x2  
  172  11:38  Zergling x4  
  177  11:40  Drone  
  177  11:41  Zergling x2  
  177  11:42  Zergling x2  
  177  11:43  Ravager  
  177  11:44  Ravager  
  177  11:45  Zergling x2  
  177  11:46  Zergling x2  
  184  11:48  Zergling x2  
  185  11:55  Zergling x10  
  190  12:03  Zergling x12  
  190  12:06  Ravager x4  
  190  12:07  Unknown  
  200  12:12  Ravager x2  
  200  12:14  Overseer  
  200  12:17  Baneling x13  
  200  12:20  Baneling  
  200  12:21  Baneling x2  
  200  12:25  Baneling x3  
  200  12:27  Baneling x4  
  200  12:28  Baneling  
  200  12:38  Baneling x6  
  200  12:39  Baneling  
  200  12:43  Roach  
  200  12:44  Roach  
  199  12:50  Roach  
  191  12:51  Roach  
  191  12:52  Roach x3  
  191  12:55  Roach  
  191  12:56  Roach  
  198  13:02  Roach x2  
  198  13:05  Roach x2  
  183  13:08  Roach  
  156  13:14  Roach x2  
  156  13:15  Roach x4  
  156  13:16  Ravager  
  156  13:17  Roach  
  166  13:22  Extractor  
  166  13:23  Extractor, Roach x2  
  166  13:24  Ravager  
  169  13:28  Roach  
  167  13:35  Roach x2  
  167  13:36  Roach x2  
  162  13:51  Unknown x2  
Tags
 
Add a new tag
Caveats
  • Supply blocks, unpowered buildings, or Contaminate may cause inaccurate times.
  • Supply counts are checked every 10 seconds.